3A
MT. VERNON BULLS @ HOGSMEADE CAULDRONS
08/30/2033
 
TOP OF THE 1ST
Mt. Vernon Bulls batting - Pitching for Hogsmeade Cauldrons : RHP Kian-tat Ts'ai
Pitching: RHP Kian-tat Ts'ai
Batting: RHB Alfonso Torres 0-0: Ball
1-0: Foul Ball, location: 2F
1-1: Swinging Strike
1-2: Ball
2-2: Foul Ball, location: 2F
2-2: Strikes out swinging
Batting: RHB Tom Bancroft 0-0: Swinging Strike
0-1: Called Strike
0-2: Ball
1-2: Reached on error, E4 (Popup, 23)
Batting: RHB Angeddy Almanzar 0-0: Called Strike
0-1: Swinging Strike
Pickoff Throw to First - Error! E1
Tom Bancroft to second
0-2: Ball
1-2: Ball
2-2: Fly out, F8 (Flyball, 8LM)
Batting: LHB Rich Watkins 0-0: Called Strike
0-1: Swinging Strike
0-2: Ball
1-2: Ball
2-2: Ball
3-2: SINGLE (Groundball, 4D)
Tom Bancroft to third
Tom Bancroft scores
Batting: RHB Silverberry Mouhon 0-0: Ball
1-0: Swinging Strike
1-1: Ball
2-1: Ball
3-1: Base on Balls
Rich Watkins to second
Batting: LHB Tomás Muinos 0-0: Ball
1-0: Ball
2-0: Ball
3-0: Called Strike
3-1: Base on Balls
Rich Watkins to third
Silverberry Mouhon to second
Batting: RHB Tong-sik Im 0-0: Called Strike
0-1: Ball
1-1: Ball
2-1: Foul Ball, location: 2F
2-2: Ball
3-2: Base on Balls
Rich Watkins scores
Silverberry Mouhon to third
Tomás Muinos to second
Batting: RHB Modesto González 0-0: Called Strike
0-1: Ground out U3 (Groundball, 34)
Top of the 1st over - 2 runs, 1 hit, 2 errors, 3 left on base; Mt. Vernon 2 - Hogsmeade 0
BOTTOM OF THE 1ST
Hogsmeade Cauldrons batting - Pitching for Mt. Vernon Bulls : RHP Jesús Lemus
Pitching: RHP Jesús Lemus
Batting: LHB Bartolo Trejo 0-0: Swinging Strike
0-1: Foul Ball, location: 2F
0-2: Fly out, F4 (Line Drive, 4)
Batting: RHB Diederick Tuiters 0-0: Fly out, F8 (Flyball, 8LM)
Batting: SHB Max Bortenschlager 0-0: Swinging Strike
0-1: Called Strike
0-2: Strikes out looking
Bottom of the 1st over - 0 runs, 0 hits, 0 errors, 0 left on base; Mt. Vernon 2 - Hogsmeade 0
TOP OF THE 2ND
Mt. Vernon Bulls batting - Pitching for Hogsmeade Cauldrons : RHP Kian-tat Ts'ai
Batting: RHB Wei-hong Won 0-0: Foul Ball, location: 2F
0-1: Ball
1-1: Foul Ball, location: 2F
1-2: Ball
2-2: Fly out, F7 (Flyball, 78S)
Batting: RHB Alfonso Torres 0-0: Ground out 1-3 (Groundball, P)
Batting: RHB Tom Bancroft 0-0: Called Strike
0-1: Swinging Strike
0-2: Ball
1-2: Foul Ball, location: 2F
1-2: Hit by Pitch
Batting: RHB Angeddy Almanzar 0-0: Ball
Tom Bancroft is caught stealing 2nd base
Top of the 2nd over - 0 runs, 0 hits, 0 errors, 0 left on base; Mt. Vernon 2 - Hogsmeade 0
BOTTOM OF THE 2ND
Hogsmeade Cauldrons batting - Pitching for Mt. Vernon Bulls : RHP Jesús Lemus
Batting: LHB Ewan Manshert 0-0: Foul Ball, location: 2F
0-1: Ball
1-1: Foul Ball, location: 2F
1-2: Ground out 6-3 (Groundball, 6S)
Batting: SHB Manny López 0-0: Called Strike
0-1: Ground out 4-3 (Groundball, 4)
Batting: RHB Pablo Álvarez 0-0: Foul Ball, location: 2F
0-1: Ball
1-1: Ball
2-1: Called Strike
2-2: Foul Ball, location: 2F
2-2: Ground out 6-3 (Groundball, 6)
Bottom of the 2nd over - 0 runs, 0 hits, 0 errors, 0 left on base; Mt. Vernon 2 - Hogsmeade 0
TOP OF THE 3RD
Mt. Vernon Bulls batting - Pitching for Hogsmeade Cauldrons : RHP Kian-tat Ts'ai
Batting: RHB Angeddy Almanzar 0-0: Foul Ball, location: 2F
0-1: Ball
1-1: Foul Ball, location: 2F
1-2: Foul Ball, location: 2F
1-2: Ball
2-2: Fly out, F7 (Line Drive, 7LM)
Batting: LHB Rich Watkins 0-0: Called Strike
0-1: Ball
1-1: Ball
2-1: Called Strike
2-2: Ball
3-2: Ground out 5-3 (Groundball, 5)
Batting: RHB Silverberry Mouhon 0-0: Called Strike
0-1: Foul Ball, location: 2F
0-2: Ground out 4-3 (Groundball, 4S)
Top of the 3rd over - 0 runs, 0 hits, 0 errors, 0 left on base; Mt. Vernon 2 - Hogsmeade 0
BOTTOM OF THE 3RD
Hogsmeade Cauldrons batting - Pitching for Mt. Vernon Bulls : RHP Jesús Lemus
Batting: RHB Pablo Ortíz 0-0: Called Strike
0-1: Swinging Strike
0-2: Ball
1-2: Foul Ball, location: 2F
1-2: Ball
2-2: Fly out, F6 (Line Drive, 6)
Batting: RHB Jimmy Robinson 0-0: Ball
1-0: Called Strike
1-1: Called Strike
1-2: Ball
2-2: Ball
3-2: Base on Balls
Batting: RHB Héctor Dávila 0-0: Ball
1-0: Swinging Strike
1-1: Ball
2-1: Called Strike
Jimmy Robinson steals 2nd base
2-2: Ground out 4-3 (Groundball, 4)
Jimmy Robinson to third
Batting: LHB Bartolo Trejo 0-0: SINGLE (Groundball, 34S) (infield hit)
Jimmy Robinson scores
Batting: RHB Diederick Tuiters 0-0: Ball
1-0: Foul Ball, location: 2F
1-1: Swinging Strike
1-2: Strikes out swinging
Bottom of the 3rd over - 1 run, 1 hit, 0 errors, 1 left on base; Mt. Vernon 2 - Hogsmeade 1
TOP OF THE 4TH
Mt. Vernon Bulls batting - Pitching for Hogsmeade Cauldrons : RHP Kian-tat Ts'ai
Batting: LHB Tomás Muinos 0-0: Called Strike
0-1: Foul Ball, location: 2F
0-2: Ground out 4-3 (Groundball, 4M)
Batting: RHB Tong-sik Im 0-0: Called Strike
0-1: Fly out, F7 (Line Drive, 78M)
Batting: RHB Modesto González 0-0: Fly out, F9 (Flyball, 89S)
Top of the 4th over - 0 runs, 0 hits, 0 errors, 0 left on base; Mt. Vernon 2 - Hogsmeade 1
BOTTOM OF THE 4TH
Hogsmeade Cauldrons batting - Pitching for Mt. Vernon Bulls : RHP Jesús Lemus
Batting: SHB Max Bortenschlager 0-0: Called Strike
0-1: Swinging Strike
0-2: Strikes out looking
Batting: LHB Ewan Manshert 0-0: Ball
1-0: Ball
2-0: Foul Ball, location: 2F
2-1: Called Strike
2-2: Ball
3-2: Fly out, F6 (Popup, 4M)
Batting: SHB Manny López 0-0: Ball
1-0: Ball
2-0: Fly out, F6 (Popup, 56)
Bottom of the 4th over - 0 runs, 0 hits, 0 errors, 0 left on base; Mt. Vernon 2 - Hogsmeade 1
TOP OF THE 5TH
Mt. Vernon Bulls batting - Pitching for Hogsmeade Cauldrons : RHP Kian-tat Ts'ai
Batting: RHB Wei-hong Won 0-0: Ball
1-0: Ball
2-0: Swinging Strike
2-1: Foul Ball, location: 2F
2-2: Foul Ball, location: 2F
2-2: Ball
3-2: Foul Ball, location: 2F
3-2: Strikes out looking
Batting: RHB Alfonso Torres 0-0: Called Strike
0-1: Ball
1-1: Swinging Strike
1-2: Ground out 4-3 (Groundball, 4)
Batting: RHB Tom Bancroft 0-0: SINGLE (Flyball, 89M)
Batting: RHB Angeddy Almanzar 0-0: Ball
Tom Bancroft steals 2nd base
1-0: Ball
2-0: Called Strike
2-1: Foul Ball, location: 2F
2-2: Ball
3-2: Foul Ball, location: 2F
3-2: DOUBLE (Flyball, 89D)
Tom Bancroft scores
Batting: LHB Rich Watkins 0-0: Ball
1-0: Swinging Strike
1-1: Swinging Strike
1-2: Foul Ball, location: 2F
1-2: Strikes out swinging
Top of the 5th over - 1 run, 2 hits, 0 errors, 1 left on base; Mt. Vernon 3 - Hogsmeade 1
BOTTOM OF THE 5TH
Hogsmeade Cauldrons batting - Pitching for Mt. Vernon Bulls : RHP Jesús Lemus
Batting: RHB Pablo Álvarez 0-0: Ball
1-0: Ground out 1-3 (Groundball, P)
Batting: RHB Pablo Ortíz 0-0: Swinging Strike
0-1: Swinging Strike
0-2: Ball
1-2: Ground out 3-1 (Groundball, 34S)
Batting: RHB Jimmy Robinson 0-0: Called Strike
0-1: Ball
1-1: Fly out, F8 (Flyball, 78S)
Bottom of the 5th over - 0 runs, 0 hits, 0 errors, 0 left on base; Mt. Vernon 3 - Hogsmeade 1
TOP OF THE 6TH
Mt. Vernon Bulls batting - Pitching for Hogsmeade Cauldrons : RHP Kian-tat Ts'ai
Batting: RHB Silverberry Mouhon 0-0: Called Strike
0-1: Ball
1-1: Foul Ball, location: 2F
1-2: Fly out, F7 (Flyball, 7S)
Batting: LHB Tomás Muinos 0-0: Fly out, F9 (Flyball, 9LMF)
Batting: RHB Tong-sik Im 0-0: Ball
1-0: Swinging Strike
1-1: Hit by Pitch
Batting: RHB Modesto González 0-0: Ball
1-0: Foul Ball, location: 2F
1-1: Ball
2-1: Ground out 4-3 (Groundball, 4)
Top of the 6th over - 0 runs, 0 hits, 0 errors, 1 left on base; Mt. Vernon 3 - Hogsmeade 1
BOTTOM OF THE 6TH
Hogsmeade Cauldrons batting - Pitching for Mt. Vernon Bulls : RHP Jesús Lemus
Batting: RHB Héctor Dávila 0-0: SINGLE (Groundball, 34D)
Batting: LHB Bartolo Trejo 0-0: Called Strike
0-1: SINGLE (Groundball, 6M) (infield hit)
Héctor Dávila to second
Batting: RHB Diederick Tuiters 0-0: Bunted foul
0-1: Sac Bunt - play at third, runner OUT! 1-6
Bartolo Trejo to second
Batting: SHB Max Bortenschlager 0-0: Called Strike
0-1: Called Strike
0-2: Strikes out swinging
Batting: LHB Ewan Manshert 0-0: Called Strike
0-1: Ball
1-1: Ball
2-1: Swinging Strike
2-2: Ground out 6-3 (Groundball, 6S)
Bottom of the 6th over - 0 runs, 2 hits, 0 errors, 2 left on base; Mt. Vernon 3 - Hogsmeade 1
TOP OF THE 7TH
Mt. Vernon Bulls batting - Pitching for Hogsmeade Cauldrons : RHP Kian-tat Ts'ai
Batting: RHB Wei-hong Won 0-0: Called Strike
0-1: Fly out, F9 (Flyball, 9)
Batting: RHB Alfonso Torres 0-0: Fly out, F9 (Flyball, 9LS)
Batting: RHB Tom Bancroft 0-0: Ball
1-0: Swinging Strike
1-1: Ball
2-1: Fly out, F7 (Flyball, 7S)
Top of the 7th over - 0 runs, 0 hits, 0 errors, 0 left on base; Mt. Vernon 3 - Hogsmeade 1
BOTTOM OF THE 7TH
Hogsmeade Cauldrons batting - Pitching for Mt. Vernon Bulls : RHP Jesús Lemus
Batting: SHB Manny López 0-0: Ball
1-0: Ball
2-0: Ball
3-0: Swinging Strike
3-1: Base on Balls
Batting: RHB Pablo Álvarez 0-0: Ball
1-0: Fielders Choice at 2nd, 1-6 (Groundball, 13)
Batting: RHB Pablo Ortíz 0-0: Ball
1-0: Called Strike
1-1: Called Strike
1-2: Ball
2-2: Foul Ball, location: 2F
2-2: Foul Ball, location: 2F
2-2: Strikes out looking
Batting: RHB Jimmy Robinson 0-0: Called Strike
0-1: Ball
1-1: Called Strike
1-2: Ground out U3 (Groundball, 34S)
Bottom of the 7th over - 0 runs, 0 hits, 0 errors, 1 left on base; Mt. Vernon 3 - Hogsmeade 1
TOP OF THE 8TH
Mt. Vernon Bulls batting - Pitching for Hogsmeade Cauldrons : RHP Kian-tat Ts'ai
Pitching: RHP Jagger Rusconi
Batting: RHB Angeddy Almanzar 0-0: Swinging Strike
0-1: Ball
1-1: Foul Ball, location: 2F
1-2: Strikes out swinging
Batting: LHB Rich Watkins 0-0: Ball
1-0: Fly out, F8 (Line Drive, 8RXD)
Batting: RHB Silverberry Mouhon 0-0: Ball
1-0: Called Strike
1-1: Foul Ball, location: 2F
1-2: Ball
2-2: Ball
3-2: Fly out, F8 (Flyball, 8LD)
Top of the 8th over - 0 runs, 0 hits, 0 errors, 0 left on base; Mt. Vernon 3 - Hogsmeade 1
BOTTOM OF THE 8TH
Hogsmeade Cauldrons batting - Pitching for Mt. Vernon Bulls : RHP Jesús Lemus
Batting: RHB Héctor Dávila 0-0: Ball
1-0: Called Strike
1-1: Ground out 5-3 (Groundball, 5)
Batting: LHB Bartolo Trejo 0-0: Called Strike
0-1: Ball
1-1: Ball
2-1: Ball
3-1: Foul Ball, location: 2F
3-2: Foul Ball, location: 2F
3-2: Foul Ball, location: 2F
3-2: Strikes out swinging
Batting: RHB Diederick Tuiters 0-0: Ball
1-0: Ball
2-0: Called Strike
2-1: Ball
3-1: Base on Balls
Batting: SHB Max Bortenschlager 0-0: Ball
1-0: Ball
2-0: Foul Ball, location: 2F
2-1: Ball
3-1: Foul Ball, location: 2F
3-2: Strikes out looking
Bottom of the 8th over - 0 runs, 0 hits, 0 errors, 1 left on base; Mt. Vernon 3 - Hogsmeade 1
TOP OF THE 9TH
Mt. Vernon Bulls batting - Pitching for Hogsmeade Cauldrons : RHP Jagger Rusconi
Batting: LHB Tomás Muinos 0-0: Ball
1-0: Ball
2-0: Foul Ball, location: 2F
2-1: DOUBLE (Line Drive, 89D) - OUT at third base trying to stretch hit.
Batting: RHB Tong-sik Im 0-0: Ball
1-0: Called Strike
1-1: Ball
2-1: Called Strike
2-2: Strikes out looking
Batting: RHB Modesto González 0-0: Swinging Strike
0-1: Fly out, F8 (Flyball, 8LD)
Top of the 9th over - 0 runs, 1 hit, 0 errors, 0 left on base; Mt. Vernon 3 - Hogsmeade 1
BOTTOM OF THE 9TH
Hogsmeade Cauldrons batting - Pitching for Mt. Vernon Bulls : RHP Jesús Lemus
Batting: LHB Ewan Manshert 0-0: Called Strike
0-1: Swinging Strike
0-2: Strikes out swinging
Batting: SHB Manny López 0-0: SINGLE (Groundball, 34D)
Pitching: RHP Salvador Villegas
Batting: RHB Pablo Álvarez 0-0: Ball
1-0: Called Strike
1-1: Fly out, F3 (Popup, 34S)
Batting: RHB Pablo Ortíz 0-0: Called Strike
0-1: Swinging Strike
0-2: Ball
1-2: Ball
2-2: Foul Ball, location: 2F
2-2: Foul Ball, location: 2F
2-2: Foul Ball, location: 2F
2-2: Foul Ball, location: 2F
2-2: Strikes out swinging, 2-3 out at first.
Bottom of the 9th over - 0 runs, 1 hit, 0 errors, 1 left on base; Mt. Vernon 3 - Hogsmeade 1
Saturday, December 22nd, 2018 - OOTP Baseball 18.8 Build 76